 Dungeon Crawl Stone Soup version 0.17.1-3-g152610e (webtiles) character file.

127 Gargoyl the Skirmisher (level 4, 0/37 HPs)
             Began as a Demonspawn Abyssal Knight on Apr 15, 2016.
             Was a Believer of Lugonu.
             Slain by a giant frog skeleton (2 damage)
             ... on level 5 of the Dungeon.
             The game lasted 00:05:24 (2648 turns).

Gargoyl the Skirmisher (Demonspawn Abyssal Knight)  Turns: 2648, Time: 00:05:24

Health: 0/37       AC: 11    Str: 12 (13) XL:     4   Next: 85%
Magic:  6/6        EV:  6    Int: 14      God:    Lugonu [**....]
Gold:   67         SH:  0    Dex: 12      Spells: 0 memorised, 3 levels left

rFire  . . .     SeeInvis .     j - +3 hand axe (chop)
rCold  . . .     Clarity  .     d - +0 chain mail
rNeg   . . .     SustAt   .     (no shield)
rPois  +         Gourm    .     (no helmet)
rElec  .         Spirit   .     a - +0 cloak
rCorr  .         Warding  .     (no gloves)
rMut   .         Stasis   .     (no boots)
MR     .....                    (no amulet)
Stlth  ..........               (no ring)
                                g - ring of poison resistance

@: not resistant to hostile enchantments, extremely unstealthy
A: claws 1, rugged brown scales 1
a: Depart the Abyss, Bend Space, Renounce Religion


You were on level 5 of the Dungeon.
You worshipped Lugonu.
Lugonu was pleased with you.
You were not hungry.

You visited 1 branch of the dungeon, and saw 4 of its levels.
You visited the Abyss 1 time.

You collected 67 gold pieces.

Inventory:

Hand Weapons
 j - a +3 hand axe of chopping (weapon)
Armour
 a - a +0 cloak (worn)
 d - a +0 chain mail (worn)
Jewellery
 g - a ring of poison resistance (left claw)
Scrolls
 e - a scroll of remove curse
 h - a scroll of magic mapping
 i - a scroll of identify
 p - a scroll of enchant armour
 q - a scroll of blinking {unknown}
Comestibles
 b - 3 chunks of flesh
 c - 3 bread rations
 f - a royal jelly
 l - a meat ration


   Skills:
 + Level 3.6 Fighting
 + Level 2.2 Axes
 * Level 3.2 Armour
 + Level 1.6 Dodging
 + Level 3.3 Invocations


You had 3 spell levels left.
You didn't know any spells.

Dungeon Overview and Level Annotations

Branches:
Dungeon (5/15)
 Temple: D:4-7

Altars:
Ashenzari
Nemelex Xobeh
Xom

Annotations:
D:4 jesusflecha's ghost, amateur MfGl


Innate Abilities, Weirdness & Mutations

You have sharp fingernails.
You are partially covered in rugged brown scales (AC +1, +3% HP).


Message History

The giant frog skeleton barely misses you.
You aren't carrying any potions.
Unknown command.
Read which item? (? for menu, Esc to quit)
As you read the scroll labeled LIAWKIOBBE, it crumbles to dust.
You feel blessed for a moment.
It was a scroll of remove curse.
The giant frog skeleton hits you but does no damage.
Read which item? (? for menu, Esc to quit)
As you read the scroll labeled ILAT NUKURUO, it crumbles to dust.
It is a scroll of identify.
Identify which item? (\ to view known items) (? for menu, Esc to quit)
p - a scroll of enchant armour The giant frog skeleton hits you but does no damage. x2
Read which item? (? for menu, Esc to quit)
As you read the scroll labeled ANIOTRU KEVIPRU, it crumbles to dust.
It is a scroll of enchant weapon.
Enchant which weapon? (? for menu, Esc to quit)
Your +2 hand axe of chopping glows red for a moment.
The giant frog skeleton hits you.
You die...

### #.#
####.#
#.@Zc#
#....##s##
.....##
#..# ...#
#).## .#
##s(#
#...#
#...# .
#...#
#..S##
.#####...#
#.Y..##
.........#
##.....##


You could see a centaur, a scorpion and a giant frog skeleton.

Vanquished Creatures
  An orc priest (D:4)
  3 adders
  An ooze (D:2)
  2 worms (D:2)
  2 giant geckos
  3 orcs (D:4)
  A ball python (D:2)
  4 bats
  6 giant cockroaches
  6 goblins
  5 hobgoblins
  8 jackals
  A quokka (D:2)
  A giant newt (D:2)
  4 kobolds
  An orc zombie (D:4)
  8 rats
  A lurking horror (Abyss:1)
58 creatures vanquished.

Notes
Turn   | Place    | Note
--------------------------------------------------------------
     0 | Abyss:1  | Gargoyl the Demonspawn Abyssal Knight began the quest for the Orb.
     0 | Abyss:1  | Reached XP level 1. HP: 18/18 MP: 2/2
     0 | Abyss:1  | Found a corrupted altar of Lugonu.
   132 | Abyss:1  | Noticed a wretched star
   134 | D:1      | Escaped the Abyss
   290 | D:1      | Reached skill level 1 in Dodging
   295 | D:1      | Reached * piety under Lugonu
   295 | D:1      | Gained mutation: You are partially covered in rugged brown scales (AC +1, +3% HP). [demonic ancestry]
   295 | D:1      | Reached XP level 2. HP: 8/24 MP: 4/4
   781 | D:1      | Found a sparkling altar of Nemelex Xobeh.
  1115 | D:2      | Found a shattered altar of Ashenzari.
  1141 | D:2      | Found a shimmering altar of Xom.
  1141 | D:2      | Found a shimmering altar of Xom.
  1145 | D:2      | Found a shimmering altar of Xom.
  1152 | D:2      | Gained mutation: You have sharp fingernails. [demonic ancestry]
  1152 | D:2      | Reached XP level 3. HP: 25/29 MP: 5/5
  1157 | D:2      | Found a shimmering altar of Xom.
  1157 | D:2      | Found a shimmering altar of Xom.
  1720 | D:2      | Reached ** piety under Lugonu
  2043 | D:2      | Reached XP level 4. HP: 28/36 MP: 6/6
  2419 | D:2      | You fall through a shaft for 2 floors!
  2590 | D:4      | Noticed jesusflecha's ghost (amateur MfGl)
  2616 | D:5      | Entered Level 5 of the Dungeon
  2616 | D:5      | Noticed a sky beast
  2616 | D:5      | Noticed a centaur
  2629 | D:5      | HP: 1/37 [centaur/arrow (6)]
  2634 | D:5      | HP: 1/37 [giant frog skeleton (1)]
  2648 | D:5      | Slain by a giant frog skeleton

Action                   |  1- 3 |  4- 6 || total
-------------------------+-------+-------++-------
Melee: Hand axe          |   198 |    57 ||   255
Invok: Depart the Abyss  |     1 |       ||     1
  Use: Potion            |       |     5 ||     5
       Scroll            |       |     4 ||     4
  Eat: Chunk             |     4 |     2 ||     6
